 Dungeon Crawl Stone Soup version 0.25-a0-338-ge4dd1522aa (webtiles) character file.

Game seed: 13354980159541043854, levelgen mode: classic

280721 EnegeticOcto the Unseen (level 19, -5/152 HPs)
             Began as a Vampire Artificer on Dec 27, 2019.
             Was the Champion of Wu Jian.
             Killed from afar by a servant of whispers (25 damage)
             ... with a bolt of lightning
             ... in the Desolation of Salt on Dec 28, 2019.
             The game lasted 01:44:22 (37804 turns).

EnegeticOcto the Unseen (Vampire Artificer)        Turns: 37804, Time: 01:44:22

Health: -5/152     AC: 16    Str: 15    XL:     19   Next: 69%
Magic:  20/22      EV: 19    Int: 19    God:    Wu Jian [******]
Gold:   130        SH: 28    Dex: 29    Spells: 15/34 levels left

rFire    + . .     SeeInvis +   P - +7 quick blade of the Shore {pierce, rC+ Dex+4}
rCold    + + +     Gourm    .   T - +4 large shield "Uphafaef" {rPois Regen+ MP-9 Slay+5}
rNeg     . . .     Faith    .   D - +0 swamp dragon scales
rPois    +         Spirit   .   t - +0 helmet {Int+3}
rElec    .         Reflect  +   m - scarf {rC+ rF+}
rCorr    .         Harm     .   W - +1 pair of gloves of Recklessness {+Fly rC+ Dex+4 SInv}
MR       ++...                  V - +2 pair of boots
Stlth    ++++++....             k - +4 amulet of reflection
HPRegen  0.95/turn              N - +5 ring of dexterity
MPRegen  0.18/turn              Z - ring of protection from magic

@: confusing touch, exhausted, regenerating quickly, drained
A: no food, fangs 3, see invisible, unbreathing
}: 2/15 runes: decaying, serpentine
a: Exsanguinate, Wall Jump, Serpent's Lash, Heavenly Storm, Renounce Religion,
Evoke Flight


You were in the Desolation of Salt.
You worshipped Wu Jian.
Wu Jian was exalted by your worship.
You were alive.

You visited 7 branches of the dungeon, and saw 34 of its levels.
You also visited: Bailey, Gauntlet, Volcano and Desolation.

You collected 3339 gold pieces.
You spent 3209 gold pieces at shops.

Inventory:

Hand Weapons
 G - a +0 dagger of distortion
 P - the +7 quick blade of the Shore (weapon) {pierce, rC+ Dex+4}
   (You acquired it in a bailey)

   It inflicts extra damage upon your enemies.
   It affects your dexterity (+4).
   It protects you from cold.
Missiles
 R - 2 throwing nets (quivered) {!f}
Armour
 a - the +3 shield of Slovenliness {Dex+9 Stlth+}
   (You bought it in a shop on level 1 of the Orcish Mines)

   It affects your dexterity (+9).
   It makes you more stealthy.
 m - a scarf of resistance (worn)
 t - a +0 helmet of intelligence (worn)
 D - +0 swamp dragon scales (worn)
 T - the +4 large shield "Uphafaef" (worn) {rPois Regen+ MP-9 Slay+5}
   (You bought it in a shop on level 4 of the Snake Pit)

   It affects your accuracy and damage with ranged weapons and melee attacks
   (+5).
   It protects you from poison.
   It affects your magic capacity (-9).
   It increases your rate of regeneration.
 U - a +2 robe of magic resistance
 V - a +2 pair of boots (worn)
 W - the +1 pair of gloves of Recklessness (worn) {+Fly rC+ Dex+4 SInv}
   (You found it in a Gauntlet)

   It affects your dexterity (+4).
   It protects you from cold.
   It lets you see invisible.
   It lets you fly.
Jewellery
 g - an uncursed ring of protection from fire
 k - a +4 amulet of reflection (around neck)
 N - a +5 ring of dexterity (left hand)
 O - an uncursed ring of poison resistance
 Z - a ring of protection from magic (right hand)
Wands
 c - a wand of flame (20)
 d - a wand of enslavement (6)
 e - a wand of disintegration (33)
 f - a wand of clouds (12)
 i - a wand of paralysis (13)
 n - a wand of iceblast (29)
 A - a wand of acid (33)
 L - a wand of scattershot (8)
 M - a wand of digging (4)
 Y - a wand of polymorph (3)
Scrolls
 b - 2 scrolls of vulnerability
 h - 23 scrolls of remove curse {@r2}
 j - 3 scrolls of magic mapping {@r5 !r}
 l - 3 scrolls of enchant weapon
 o - 2 scrolls of fear {!r}
 r - 3 scrolls of fog {!r}
 s - 2 scrolls of blinking {@r4}
 w - 13 scrolls of teleportation {@r3 !r}
 x - a scroll of brand weapon
 y - 3 scrolls of identify {@r1}
 C - 8 scrolls of enchant armour
 Q - 2 scrolls of torment
 S - 2 scrolls of immolation
Potions
 p - 3 potions of ambrosia
 q - a potion of cancellation
 u - 6 potions of lignification {@q6}
 v - 8 potions of mutation
 z - 3 potions of brilliance
 B - 17 potions of curing {@q1 !q}
 E - a potion of magic
 F - 7 potions of heal wounds {@q2 !q}
 H - 3 potions of berserk rage
 I - 8 potions of haste {@q4 !q}
 J - 3 potions of invisibility
 K - 5 potions of agility {@q5 !q}
 X - 2 potions of might {@q3 !q}


   Skills:
 - Level 14.1(13.2) Fighting
 - Level 10.0(9.1) Short Blades
 - Level 9.0(8.1) Armour
 + Level 11.6(10.7) Dodging
 + Level 16.9(15.9) Stealth
 * Level 15.8(14.8) Shields
 + Level 8.0(7.2) Spellcasting
 + Level 14.9(13.9) Hexes
 - Level 8.0(7.2) Charms
 + Level 7.6(6.8) Necromancy
 - Level 6.0(5.2) Translocations
 + Level 5.6(4.8) Air Magic
 - Level 5.0(4.2) Evocations


You had 15 spell levels left.
You knew the following spells:

 Your Spells              Type           Power        Failure   Level  Hunger
a - Apportation           Tloc           ####..       8%          1    N/A
b - Confusing Touch       Hex            ######       1%          1    N/A
c - Tukima's Dance        Hex            ######..     1%          3    N/A
d - Cause Fear            Hex            ######....   2%          4    N/A
e - Swiftness             Chrm/Air       ####....     9%          2    N/A
f - Confuse               Hex            ######..     1%          3    N/A
T - Regeneration          Chrm/Necr      ####......   11%         3    N/A
Y - Blink                 Tloc           N/A          11%         2    N/A

Your spell library contained the following spells:

 Spells                   Type           Power        Failure   Level  Hunger
 Corona                   Hex            ######.      1%          1    N/A
 Slow                     Hex            ######..     1%          2    N/A
 Portal Projectile        Hex/Tloc       #####.       3%          3    N/A
 Animate Skeleton         Necr           N/A          4%          1    N/A
 Pain                     Necr           ####         4%          1    N/A
 Ensorcelled Hibernation  Hex/Ice        ####..       5%          2    N/A
 Sublimation of Blood     Necr           ####......   6%          2    N/A
 Shroud of Golubria       Chrm/Tloc      ####..       8%          2    N/A
 Corpse Rot               Necr/Air       N/A          9%          2    N/A
 Dazzling Flash           Conj/Hex       ####..       11%         3    N/A
 Inner Flame              Hex/Fire       ####....     11%         3    N/A
 Vampiric Draining        Necr           ####......   12%         3    N/A
 Gell's Gravitas          Tloc           ####......   22%         3    N/A
 Lesser Beckoning         Tloc           ####......   22%         3    N/A
 Teleport Other           Tloc           ####....     22%         3    N/A
 Shock                    Conj/Air       ###.         24%         1    N/A
 Animate Dead             Necr           N/A          36%         4    N/A
 Fulminant Prism          Conj/Hex       ####......   36%         4    N/A
 Leda's Liquefaction      Hex/Erth       ####......   36%         4    N/A
 Magic Dart               Conj           #...         54%         1    N/A
 Summon Small Mammal      Summ           #...         54%         1    N/A
 Static Discharge         Conj/Air       ###.....     58%         3    N/A
 Passage of Golubria      Tloc           N/A          58%         4    N/A
 Airstrike                Air            ####......   65%         4    N/A
 Call Imp                 Summ           #.......     69%         2    N/A
 Searing Ray              Conj           #.....       69%         2    N/A
 Mephitic Cloud           Conj/Pois/Air  ##......     69%         3    N/A
 Conjure Flame            Conj/Fire      #.......     89%         3    N/A
 Ignite Poison            Fire/Tmut/Pois #.......     89%         3    N/A
 Stone Arrow              Conj/Erth      #.....       89%         3    N/A
 Iskenderun's Mystic Bla  Conj/Tloc      ###.....     91%         4    N/A
 Summon Forest            Summ/Tloc      ###.......   99%         5    N/A
 Petrify                  Tmut/Erth      #.......     100%        4    N/A
 Alistair's Intoxication  Tmut/Pois      #.......     100%        5    N/A
 Bolt of Magma            Conj/Fire/Erth #.........   100%        5    N/A
 Fireball                 Conj/Fire      #.........   100%        5    N/A
 Irradiate                Conj/Tmut      #.........   100%        5    N/A
 Lightning Bolt           Conj/Air       ###.......   100%        5    N/A
 Eringya's Noxious Bog    Tmut/Pois      #.........   100%        6    N/A
 Hydra Form               Tmut           #.........   100%        6    N/A
 Starburst                Conj/Fire      #.........   100%        6    N/A
 Statue Form              Tmut/Erth      #........    100%        6    N/A
 Dragon Form              Tmut           #.........   100%        7    N/A
 Ring of Flames           Chrm/Fire      ###.......   100%        7    N/A
 Summon Hydra             Summ           #.........   100%        7    N/A
 Ignition                 Fire           #.........   100%        8    N/A

Dungeon Overview and Level Annotations

Branches:
Dungeon (15/15)            Temple (1/1) D:7            Lair (6/6) D:8
  Swamp (4/4) Lair:3        Snake (4/4) Lair:4        Slime (0/5) Lair:6
    Orc (2/2) D:10            Elf (2/3) Orc:2        Vaults (0/5) D:14
 Depths (0/5) D:15         Bailey (visited)         Volcano (visited)
Desolation (1/1)          Gauntlet (visited)

Altars:
Ashenzari
Cheibriados
Dithmenos
Elyvilon
Fedhas
Gozag
Hepliaklqana
Kikubaaqudgha
Okawaru
Qazlal
Ru
Sif Muna
Trog
Uskayaw
Vehumet
Wu Jian
Xom
Yredelemnul
Zin
The Shining One
Beogh
Jiyva

Shops:
D:8 *   D:15 =   Orc:1 [(**   Orc:2 }!?   Snake:4 [*%?==*:

Annotations:
D:2 Natasha
D:7 2 runed translucent doors, anet's ghost, novice GnMo
D:9 2 transporters
D:11 1 runed translucent door, iVAG's ghost, journeyman TeCj
Lair:4 Urug
Lair:6 1 runed translucent door


Innate Abilities, Weirdness & Mutations

You do not eat.
Your natural rate of healing is unusually fast.
You have razor-sharp teeth.
You have supernaturally acute eyesight. (SInv)
You can survive without breathing.


Message History

You block the ragged hierophant's attack.
The halazid warlock points at you and mumbles some strange words.
The bolt of cold misses you.
You puncture the ragged hierophant! You bite the ragged hierophant.
The ragged hierophant is heavily wounded.
A crystal guardian comes into view.
You closely miss the ragged hierophant.
The ragged hierophant is heavily wounded.
You hit the ragged hierophant.
The ragged hierophant is severely wounded.
You block the ragged hierophant's attack.
You block the saltling's attack.
You completely miss the ragged hierophant.
The ragged hierophant is severely wounded.
You hit the ragged hierophant. Your bite misses the ragged hierophant.
The ragged hierophant is severely wounded.
The saltling closely misses you.
You puncture the ragged hierophant!
The ragged hierophant is severely wounded.
You block the ragged hierophant's attack.
Casting: Regeneration (safe; 6% risk of failure)
Confirm with . or Enter, or press ? or * to list all spells.
Your hands begin to glow red.
The saltling hits you but does no damage.
The ragged hierophant points at you and mumbles some strange words.
A blast of power from the earth and the saltling strikes you!
You block the servant of whispers's attack.
You hit the ragged hierophant but do no damage.
The ragged hierophant is severely wounded.
The saltling hits you but does no damage.
You barely miss the ragged hierophant.
You bite the ragged hierophant, but do no damage.
The ragged hierophant is severely wounded.
The halazid warlock touches you.
You writhe in agony!!
The ragged hierophant gestures at you while chanting.
A blast of power from the earth and the saltling strikes you!
You hit the ragged hierophant but do no damage.
Your bite misses the ragged hierophant.
The ragged hierophant is severely wounded.
The servant of whispers utters an invocation to its god.
The air becomes perfectly still.
The crystal guardian glitters, brittle, in the dim dungeon light.
You block the saltling's attack.
You hit the ragged hierophant but do no damage.
The ragged hierophant appears confused.
You bite the ragged hierophant.
The ragged hierophant is severely wounded.
You puncture the ragged hierophant! You bite the ragged hierophant!
The ragged hierophant is almost dead.
The halazid warlock points at the ragged hierophant and mumbles some strange words.
The ragged hierophant's animating energy erupts into ghostly fire!
The ghostly flame explodes!
The ghostly fireball engulfs the saltling.
The saltling completely resists.
The ghostly fireball engulfs the halazid warlock.
The halazid warlock completely resists.
The ghostly fireball engulfs you!!!
You feel drained. You block the saltling's attack.
You block the servant of whispers's attack.
Casting: Confusing Touch (safe; 1% risk of failure)
Confirm with . or Enter, or press ? or * to list all spells.
Your hands begin to glow red.
The saltling barely misses you. The halazid warlock touches you.
You writhe in agony!
The servant of whispers hits you but does no damage.
You spin and attack the halazid warlock repeatedly, with incredible momentum.
You hit the halazid warlock but do no damage.
The halazid warlock appears confused.
You strike the helpless halazid warlock from behind!
You skewer the halazid warlock like a kebab!!!
You destroy the halazid warlock!
The Council accepts your kill.
You spin and attack the saltling repeatedly, with incredible momentum.
You hit the saltling but do no damage.
You bite the saltling, but do no damage.
You hit the saltling but do no damage. You hit the saltling.
The saltling is moderately damaged.
Your supernatural speed expires.
Things that are here:
a +0 whip; a +0 robe You completely miss the saltling.
The saltling is moderately damaged.
Really quaff
F - 9 potions of heal wounds {@q2 !q}?
You feel much better. You block the saltling's attack.
The servant of whispers completely misses you.
You block the saltling's attack.
Casting: Confusing Touch (safe; 1% risk of failure)
Confirm with . or Enter, or press ? or * to list all spells.
Your hands begin to glow red.
The servant of whispers invokes the aid of its god against you.
The bolt of lightning hits you! The bolt of lightning misses you.
The crystal guardian fires a crystalline bolt at you.
The crystal bolt burns you!! You resist.
* * * LOW HITPOINT WARNING * * *
The saltling hits you!
* * * LOW HITPOINT WARNING * * *
Really quaff
F - 8 potions of heal wounds {@q2 !q}?
You feel much better.
The servant of whispers calls down the wrath of its god upon you.
The bolt of lightning hits you!!
* * * LOW HITPOINT WARNING * * *
The bolt of lightning hits you!!
You die...

... ... . .... ... ###
..... ... #).. ##....
... #... #.#.. ...
.##..##.#. ...
..8..8...# ...
.....8...# .......#
.....p.@.#
.......#...8..88..#..
........#.##..##.#.....#
........#.#). #.#.....#
.........##. ##......#
..........######.......#
.......................#
.......................#
.....................


You could see a servant of whispers, a crystal guardian and a saltling.

Vanquished Creatures
  Vashnia (Snake:2)
  Nikola (Swamp:1)
  A tentacled monstrosity (Swamp:4)
  Jorgrun (D:15)
  A thorn hunter (Swamp:4)
  Kirke (Snake:1)
  Agnes (D:14)
  Donald (Snake:2)
  10 nagarajas
  An orc warlord (Orc:1)
  2 very ugly things (Swamp:4)
  Nessos (D:15)
  A halazid warlock (Desolation)
  A minotaur (Gauntlet)
  A blizzard demon (Gauntlet)
  A vault guard (D:14)
  2 green deaths (Swamp:4)
  2 ogre magi
  A great orb of eyes (D:14)
  A rakshasa (D:15)
  A servant of whispers (Desolation)
  2 catoblepae
  17 hydras
  15 naga warriors
  Erolcha (Orc:2)
  4 centaur warriors
  A shambling mangrove (Swamp:3)
  A death knight (D:14)
  21 anacondas
  13 alligators
  4 tengu warriors (D:13)
  3 two-headed ogres
  8 dancing weapons
  A hell hog (Volcano)
  3 orc high priests
  4 spriggan berserkers (Elf:1)
  Sonja (Lair:2)
  6 shock serpents
  18 naga sharpshooters
  5 deep elf knights
  Nergalle (D:10)
  4 salamander mystics (Snake:4)
  A fire crab (shapeshifter) (D:14)
  6 skeletal warriors
  A golden dragon zombie (D:15)
  3 unseen horrors
  8 naga ritualists
  4 lindwurms (Snake:4)
  5 deep elf archers
  A shadow dragon zombie (D:15)
  5 orc knights
  3 spriggan druids (Swamp:4)
  A phantasmal warrior (D:15)
  An ironbrand convoker (Desolation)
  10 swamp dragons
  26 deep elf magi
  A necromancer (D:15)
  12 mana vipers
  4 harpies (D:13)
  10 orc sorcerers
  7 cyclopes
  19 ugly things
  12 salamanders
  A manticore (D:14)
  41 black mambas
  15 naga magi
  8 elephants
  7 guardian serpents (Snake:4)
  3 gargoyles
  3 orange demons (Swamp:4)
  A smoke demon (Gauntlet)
  A torpor snail (Lair:6)
  A spiny frog (shapeshifter) (D:13)
  4 kobold demonologists
  33 spiny frogs
  11 komodo dragons
  An ice devil (Gauntlet)
  A rime drake (shapeshifter) (Gauntlet)
  A freezing wraith (D:14)
  3 efreet
  A guardian mummy (D:15)
  A meliai (shapeshifter) (D:13)
  3 meliai (D:15)
  8 trolls
  A polar bear (Lair:6)
  Prince Ribbit (D:5)
  41 blink frogs
  18 tyrant leeches
  Grinder (D:4)
  8 bog bodies
  8 hornets
  22 slime creatures
  A fire dragon zombie (D:15)
  A queen bee (Lair:2)
  6 saltlings (Desolation)
  2 large abominations (Swamp:4)
  8 hippogriffs
  A centaur simulacrum (D:14)
  A spriggan (Swamp:4)
  6 shadows
  A water elemental (Elf:1)
  A tarantella (shapeshifter) (D:15)
  5 fire bats
  81 yaks
  3 fire elementals
  7 basilisks
  3 wyverns
  3 hungry ghosts (D:13)
  10 wraiths
  19 vampire mosquitoes
  A steam dragon (Lair:3)
  5 wargs
  A harpy simulacrum (D:15)
  A soldier ant (D:15)
  13 insubstantial wisps
  39 nagas
  2 acid dragons
  12 swamp worms
  A water moccasin (shapeshifter) (D:13)
  Edmund (D:4)
  A floating eye (shapeshifter) (Gauntlet)
  8 porcupines
  9 water moccasins
  A human skeleton (D:15)
  35 orc warriors
  Duvessa (D:4)
  A necrophage (D:8)
  10 swamp drakes
  5 ice beasts
  5 sky beasts
  An eye of draining (D:13)
  3 phantoms
  14 ogres
  7 centaurs
  A wolf (shapeshifter) (Gauntlet)
  18 wolves
  22 crocodiles
  2 big kobolds
  39 bullfrogs
  Blork the orc (D:4)
  A wyvern zombie (D:8)
  An earth elemental (Elf:1)
  Dowan (D:4)
  9 scorpions
  A wyvern skeleton (D:8)
  36 killer bees
  3 wights (D:13)
  9 howler monkeys
  6 electric eels
  14 crimson imps
  A bullfrog zombie (D:6)
  A wyvern simulacrum (D:13)
  4 centaur zombies
  3 bullfrog skeletons
  2 centaur skeletons
  6 jellies
  11 hounds
  23 orc priests
  35 orc wizards
  Ijyb (D:4)
  5 iguanas
  12 worker ants
  A hound zombie (D:7)
  A howler monkey skeleton (D:11)
  4 worker ant zombies
  10 gnolls
  10 adders
  4 shadow imps
  3 oozes
  An adder skeleton (D:7)
  3 worms (D:2)
  A dart slug (D:2)
  7 leopard geckos
  104 orcs
  3 giant cockroaches
  15 goblins
  16 hobgoblins
  11 jackals
  9 kobolds
  2 quokkas
  A ball python (D:2)
  8 bats
  5 frilled lizards
  A giant cockroach zombie (D:5)
  A jackal skeleton (D:4)
  A quokka skeleton (D:7)
  10 rats
1390 creatures vanquished.

Vanquished Creatures (collateral kills)
  Aizul (Snake:1)
  A naga mage (Snake:1)
2 creatures vanquished.

Vanquished Creatures (others)
  A ragged hierophant (Desolation)
  A centaur warrior (D:14)
  An air elemental (Elf:1)
  A naga (Snake:4)
  A bullfrog (Lair:4)
  An orc (Orc:1)
  A fire vortex (Lair:4)
  13 fungi
  49 plants
69 creatures vanquished.

Grand Total: 1461 creatures vanquished

Notes
Turn   | Place    | Note
-------+----------+-------------------------------------------
     0 | D:1      | EnegeticOcto the Vampire Artificer began the quest for the
                  | Orb.
     0 | D:1      | Reached XP level 1. HP: 14/14 MP: 2/2
    56 | D:1      | Reached skill level 2 in Stealth
   269 | D:1      | Reached skill level 3 in Stealth
   273 | D:1      | Reached XP level 2. HP: 20/20 MP: 4/4
   332 | D:1      | Reached skill level 4 in Stealth
   342 | D:1      | Reached skill level 1 in Fighting
   528 | D:1      | Reached XP level 3. HP: 27/27 MP: 5/5
   794 | D:2      | Reached skill level 1 in Shields
   980 | D:2      | Reached XP level 4. HP: 29/33 MP: 6/6
  1276 | D:2      | Noticed Natasha
  1843 | D:3      | Found a radiant altar of Vehumet.
  2185 | D:3      | Found a shimmering blue altar of Sif Muna.
  2480 | D:4      | Noticed Grinder
  2588 | D:4      | Reached skill level 1 in Armour
  2588 | D:4      | Reached XP level 5. HP: 38/38 MP: 7/7
  2592 | D:4      | Noticed Ijyb
  2621 | D:4      | Killed Ijyb
  2750 | D:4      | Reached XP level 6. HP: 38/44 MP: 8/8
  2777 | D:4      | Found a snail-covered altar of Cheibriados.
  2777 | D:4      | Found a glowing golden altar of the Shining One.
  2777 | D:4      | Found an opulent altar of Gozag.
  2817 | D:4      | Noticed Blork the orc
  2831 | D:4      | Killed Blork the orc
  2962 | D:4      | Paralysed by Grinder for 7 turns
  2971 | D:4      | Killed Grinder
  2971 | D:4      | Reached XP level 7. HP: 45/50 MP: 9/9
  3203 | D:4      | Noticed Edmund
  3218 | D:4      | Killed Edmund
  3229 | D:4      | Noticed Dowan
  3230 | D:4      | Noticed Duvessa
  3248 | D:4      | Killed Duvessa
  3248 | D:4      | Reached skill level 5 in Short Blades
  3248 | D:4      | Reached skill level 5 in Shields
  3249 | D:4      | Killed Dowan
  3330 | D:4      | Found a shattered altar of Ashenzari.
  3516 | D:5      | Entered Level 5 of the Dungeon
  3592 | D:5      | Reached XP level 8. HP: 51/56 MP: 10/10
  4422 | D:6      | Found a radiant altar of Vehumet.
  4767 | D:6      | Noticed Prince Ribbit
  4793 | D:5      | Killed Prince Ribbit
  4793 | D:5      | Reached XP level 9. HP: 59/61 MP: 11/11
  5279 | D:7      | Found a staircase to the Ecumenical Temple.
  5393 | Temple   | Entered the Ecumenical Temple
  5433 | Temple   | Became a worshipper of the Wu Jian Council
  5516 | D:7      | Found a large runed translucent door.
  5516 | D:7      | Found a large runed translucent door.
  5517 | D:7      | Noticed anet's ghost (novice GnMo)
  5703 | D:7      | Learned a level 1 spell: Apportation
  5705 | D:7      | Learned a level 1 spell: Confusing Touch
  5709 | D:7      | Learned a level 3 spell: Regeneration
  5829 | D:7      | Found a hazy altar of Hepliaklqana.
  5883 | D:7      | Reached skill level 1 in Hexes
  5901 | D:7      | Reached skill level 5 in Stealth
  6096 | D:8      | Reached skill level 10 in Shields
  6148 | D:8      | Reached * piety under Wu Jian
  6293 | D:8      | Reached XP level 10. HP: 59/70 MP: 12/12
  6309 | D:8      | Reached skill level 6 in Stealth
  6587 | D:8      | Found a glowing silver altar of Zin.
  6675 | D:8      | Reached ** piety under Wu Jian
  6690 | D:8      | Reached skill level 7 in Stealth
  6829 | D:8      | Found a staircase to the Lair.
  6852 | D:8      | Reached skill level 5 in Hexes
  6926 | D:8      | Found a stormy altar of Qazlal.
  6965 | D:8      | Found Fior Ura's Assorted Antiques.
  6973 | D:8      | Bought a potion of heal wounds for 120 gold pieces
  6973 | D:8      | Bought a scroll of teleportation for 72 gold pieces
  6973 | D:8      | Bought a scroll labeled UCSEIJ ISKEMEG for 24 gold pieces
  6973 | D:8      | Bought a brown potion for 21 gold pieces
  6973 | D:8      | Bought a coppery potion for 21 gold pieces
  7029 | D:8      | Found an iron altar of Okawaru.
  7030 | D:8      | Found a bloodstained altar of Trog.
  7286 | D:9      | Reached skill level 5 in Dodging
  7349 | D:9      | Reached skill level 8 in Stealth
  7422 | D:8      | Reached XP level 11. HP: 44/78 MP: 12/14
  7821 | D:9      | Noticed a centaur warrior
  7822 | D:9      | Found a transporter.
  7823 | D:9      | Noticed an ettin
  7886 | D:9      | Found a transporter.
  8008 | D:9      | Reached XP level 12. HP: 96/96 MP: 15/15
  8017 | D:10     | Entered Level 10 of the Dungeon
  8049 | D:10     | Noticed Nergalle
  8061 | D:10     | Killed Nergalle
  8068 | D:10     | Reached skill level 1 in Spellcasting
  8071 | D:10     | Reached *** piety under Wu Jian
  8117 | D:10     | Found a staircase to the Orcish Mines.
  9058 | D:11     | Found a runed translucent door.
  9058 | D:11     | Noticed iVAG's ghost (journeyman TeCj)
  9113 | D:11     | Reached **** piety under Wu Jian
  9257 | D:11     | Reached skill level 10 in Fighting
  9293 | D:11     | Found a shadowy altar of Dithmenos.
 10138 | Lair:1   | Entered Level 1 of the Lair of Beasts
 10868 | Lair:1   | Reached XP level 13. HP: 104/104 MP: 16/16
 11448 | Lair:2   | Reached skill level 9 in Stealth
 11480 | Lair:2   | Reached ***** piety under Wu Jian
 11545 | Lair:2   | Found a hide-covered altar of Uskayaw.
 11574 | Lair:2   | Noticed Sonja
 11578 | Lair:2   | Killed Sonja
 11639 | Lair:2   | Reached skill level 10 in Short Blades
 12187 | Lair:2   | Reached skill level 10 in Stealth
 12888 | Lair:3   | Found a dark tunnel.
 12897 | Volcano  | Entered a volcano
 13089 | Volcano  | Reached skill level 11 in Stealth
 13898 | Lair:3   | Reached skill level 12 in Stealth
 13939 | Lair:3   | Found a staircase to the Swamp.
 13977 | Lair:3   | Reached ****** piety under Wu Jian
 13993 | Lair:3   | Found a sacrificial altar of Ru.
 14402 | Lair:4   | Noticed Urug
 14413 | Lair:3   | Reached skill level 1 in Charms
 14484 | Lair:4   | Reached skill level 1 in Necromancy
 14534 | Lair:4   | Found a gate leading to a gauntlet.
 14542 | Gauntlet | Entered a Gauntlet
 14542 | Gauntlet | Found a transporter.
 14552 | Gauntlet | Found a transporter.
 14560 | Gauntlet | Found a transporter.
 14562 | Gauntlet | Found a transporter.
 14568 | Gauntlet | Noticed a blizzard demon
 14576 | Gauntlet | Found a transporter.
 14587 | Gauntlet | Found a transporter.
 14599 | Gauntlet | Found a transporter.
 14612 | Gauntlet | Found a transporter.
 14623 | Gauntlet | Found a transporter.
 14635 | Gauntlet | Found a runed translucent door.
 14637 | Gauntlet | Found a transporter.
 14637 | Gauntlet | Found a transporter.
 14640 | Gauntlet | Found a runed translucent door.
 14679 | Gauntlet | Found a transporter.
 14696 | Gauntlet | Found a transporter.
 14707 | Gauntlet | Found a transporter.
 15013 | Gauntlet | Reached XP level 14. HP: 113/113 MP: 17/17
 15215 | Gauntlet | Got a pair of shimmering gloves
 15229 | Gauntlet | Identified the +1 pair of gloves of Recklessness {+Fly rC+
                  | Dex+4 SInv} (You found it in a Gauntlet)
 15311 | Lair:4   | Upgraded the game from 0.25-a0-317-g5f8687bca5 to
                  | 0.25-a0-338-ge4dd1522aa
 15507 | Lair:4   | Learned a level 3 spell: Tukima's Dance
 15512 | Lair:4   | Learned a level 4 spell: Cause Fear
 15515 | Lair:4   | Learned a level 2 spell: Swiftness
 15804 | Lair:4   | Found a staircase to the Snake Pit.
 17094 | Lair:6   | Entered Level 6 of the Lair of Beasts
 17343 | Lair:5   | Reached skill level 5 in Evocations
 17505 | Lair:6   | Reached skill level 13 in Stealth
 18353 | Lair:6   | Reached XP level 15. HP: 108/118 MP: 20/22
 18587 | Lair:6   | Found a runed translucent door.
 18587 | Lair:6   | Found a viscous altar of Jiyva.
 18587 | Lair:6   | Found a staircase to the Slime Pits.
 18587 | Lair:6   | Noticed an acid blob
 19898 | D:13     | Reached skill level 10 in Dodging
 19898 | D:13     | Reached skill level 5 in Spellcasting
 20160 | D:13     | Reached skill level 14 in Stealth
 20341 | D:13     | Reached skill level 5 in Armour
 20779 | D:13     | Learned a level 2 spell: Blink
 21385 | D:13     | Reached skill level 1 in Translocations
 21395 | D:13     | Reached skill level 15 in Stealth
 21818 | D:14     | Paralysed by an ogre mage for 7 turns
 21926 | D:14     | Found a gate to the Vaults.
 21974 | D:14     | Noticed Agnes
 21979 | D:14     | Killed Agnes
 22552 | D:14     | Learned a level 3 spell: Confuse
 22657 | Orc:1    | Entered Level 1 of the Orcish Mines
 22657 | Orc:1    | Found Siucein's General Store.
 22691 | Orc:1    | Bought 2 potions of heal wounds for 150 gold pieces
 22700 | Orc:1    | Found Tauclira's General Store.
 22709 | Orc:1    | Noticed an orc warlord
 22719 | Orc:1    | Reached XP level 16. HP: 125/125 MP: 25/25
 22719 | Orc:1    | Reached skill level 5 in Translocations
 22786 | Orc:1    | Found a flagged portal.
 22795 | Bailey   | Entered a bailey
 22924 | Bailey   | Found an iron altar of Okawaru.
 23141 | Bailey   | Identified the Compendium of the Torrid Compass
 23192 | Bailey   | Got a polished quick blade
 23193 | Bailey   | Identified the +7 quick blade of the Shore {pierce, rC+
                  | Dex+4} (You acquired it in a bailey)
 23550 | Orc:1    | Found a roughly hewn altar of Beogh.
 23621 | Orc:1    | Found Yruts's Armour Shoppe.
 23879 | Orc:1    | Found Asyxt's Antique Weapon Shop.
 24162 | Orc:1    | Found a roughly hewn altar of Beogh.
 24296 | Orc:2    | Entered Level 2 of the Orcish Mines
 24554 | Orc:2    | Noticed Erolcha
 24560 | Orc:2    | Killed Erolcha
 24587 | Orc:2    | Found a staircase to the Elven Halls.
 25012 | D:15     | Entered Level 15 of the Dungeon
 25035 | D:15     | Found a staircase to the Depths.
 25126 | D:15     | Noticed Nessos
 25128 | D:15     | Killed Nessos
 25128 | D:15     | Reached skill level 15 in Shields
 25160 | D:15     | Noticed Jorgrun
 25167 | D:15     | Killed Jorgrun
 25764 | D:15     | Found Xiolery's Jewellery Shop.
 26225 | Orc:2    | Found Nik Raxt's Magic Scroll Emporium.
 26305 | Orc:2    | Found an ancient bone altar of Kikubaaqudgha.
 26329 | Orc:2    | Found Ebuf's Gadget Emporium.
 26341 | Orc:2    | Found a radiant altar of Vehumet.
 26341 | Orc:2    | Reached skill level 10 in Hexes
 26347 | Orc:2    | Paralysed by an orc sorcerer for 3 turns
 26989 | Orc:2    | Found a roughly hewn altar of Beogh.
 27001 | Orc:2    | Found Fyher's Distillery.
 27012 | Orc:2    | Found Lahougoh's Antique Armour Shoppe.
 27036 | Orc:2    | Bought a potion of haste for 120 gold pieces
 27036 | Orc:2    | Bought a potion of might for 48 gold pieces
 27036 | Orc:2    | Bought a potion of curing for 36 gold pieces
 27036 | Orc:2    | Bought a potion of curing for 36 gold pieces
 27072 | Orc:2    | Bought a scroll of teleportation for 54 gold pieces
 27072 | Orc:2    | Bought a scroll of teleportation for 54 gold pieces
 27177 | Orc:1    | Bought the +3 shield of Slovenliness {Dex+9 Stlth+} for 771
                  | gold pieces
 27177 | Orc:1    | Bought a scroll of vulnerability for 120 gold pieces
 27376 | D:15     | Bought an uncursed ring of poison resistance for 320 gold
                  | pieces
 27574 | Swamp:1  | Entered Level 1 of the Swamp
 28004 | Swamp:1  | Noticed Nikola
 28013 | Swamp:1  | Killed Nikola
 28320 | Swamp:1  | Reached skill level 5 in Charms
 28891 | Swamp:2  | Reached XP level 17. HP: 132/132 MP: 24/26
 29974 | Swamp:4  | Entered Level 4 of the Swamp
 30521 | Swamp:4  | Noticed a tentacled monstrosity
 30580 | Swamp:4  | Killed a tentacled monstrosity
 30974 | Swamp:4  | Got a decaying rune of Zot
 31246 | Snake:1  | Entered Level 1 of the Snake Pit
 31557 | Snake:1  | Noticed Aizul
 31568 | Snake:1  | Killed Aizul
 31864 | Snake:1  | Noticed Kirke
 31869 | Snake:1  | Killed Kirke
 32379 | Snake:2  | Reached XP level 18. HP: 143/143 MP: 27/27
 32600 | Snake:2  | Noticed Vashnia
 32603 | Snake:2  | Killed Vashnia
 32687 | Snake:2  | Reached skill level 1 in Air Magic
 33004 | Snake:2  | Noticed Donald
 33010 | Snake:2  | Killed Donald
 33290 | Snake:2  | Reached skill level 5 in Necromancy
 34302 | Snake:4  | Entered Level 4 of the Snake Pit
 34361 | Snake:4  | Found Zerih's Book Shoppe.
 34518 | Snake:4  | Found an opulent altar of Gozag.
 34553 | Snake:4  | Found Himolot's General Store.
 34564 | Snake:4  | Found Raostuk's Assorted Antiques.
 34582 | Snake:4  | Found Xycadded's Armour Shop.
 34648 | Snake:4  | Bought the +4 large shield "Uphafaef" {rPois Regen+ MP-9
                  | Slay+5} for 680 gold pieces
 34692 | Snake:4  | Found Bifum's Jewellery Emporium.
 34692 | Snake:4  | Found Inleedy's Food Shoppe.
 34693 | Snake:4  | Found Waittonn's Jewellery Emporium.
 34696 | Snake:4  | Found Fiessiv's Magic Scroll Shoppe.
 34721 | Snake:4  | Bought a scroll of blinking for 112 gold pieces
 35024 | Snake:4  | Reached skill level 16 in Stealth
 35168 | Snake:4  | Reached XP level 19. HP: 151/151 MP: 20/29
 35458 | Snake:4  | Got a serpentine rune of Zot
 35857 | Elf:1    | Entered Level 1 of the Elven Halls
 35914 | Elf:1    | Found a radiant altar of Vehumet.
 36146 | Elf:1    | Reached skill level 5 in Air Magic
 36781 | Elf:1    | Found a bloodstained altar of Trog.
 37311 | Snake:4  | Bought an uncursed ring of protection from magic for 450
                  | gold pieces
 37688 | Elf:2    | Found a ruined gateway.
 37698 | Desolati | Entered the Desolation of Salt
 37804 | Desolati | Killed from afar by a servant of whispers

Levels and vault maps discovered:
D:1:      minmay_arrival_plants_in_alcoves, layout_rooms, dk_noncrumbling_3,
          chequers_jeans, hangedman_decor_growths
D:2:      layout_loops_ring, first_ration, uniq_natasha
D:3:      layout_loops_ring, led_sif_pool, vehumet_crystals
D:4:      layout_basic, ashenzari_altar_1, gammafunk_temple_overflow_claw,
          nicolae_underground_beach, uniq_ijyb, uniq_edmund, uniq_grinder,
          uniq_duvessa, uniq_blork_the_orc
D:5:      layout_rooms
D:6:      layout_basic, basic_altar, uniq_prince_ribbit1
D:7:      layout_rooms, nicolae_overflow_hidden_temple,
          minmay_temple_entry_large_hall, ebering_ghost_disaster_area
D:8:      layout_basic, grunt_temple_overflow_bloody_war, kennysheep_mini_moat,
          minmay_lair_entry_grove, serial_shops,
          nicolae_shop_overgrown_old_shop, blue_anna_alchemist
          [blue_anna_fruit_fields, blue_anna_fruit_fields], serial_bayou_pond_c,
          corexii_checkpoint_a, lemuel_statue_altar
D:9:      gammafunk_sealed_arena, layout_loops_ring
D:10:     layout_rooms, david_orc_3, serial_bayou_pond_a, uniq_nergalle
D:11:     layout_stronghold, ebering_ghost_inner_flame,
          nicolae_dithmenos_shadow_blocks
D:12:     layout_roguey, minmay_misc_feat_more_columns, grunt_decor_arrowhead
D:13:     minmay_big_diamond_grid, layout_cave_pools, serial_glass,
          glass_columns_a, glass_columns_c, glass_columns_c, glass_columns_c,
          glass_columns_b, glass_columns_c, glass_columns_a, glass_columns_b,
          glass_columns_c, glass_columns_b, item_on_display_a,
          minmay_strange_pillars, hangedman_aviary
D:14:     layout_roguey, david_vaults_5, uniq_agnes
D:15:     gammafunk_depths_entry_grave, layout_basic, serial_shops,
          nicolae_shop_statue_plus, hex_intersection, nooodl_orcs_dogs,
          uniq_nessos, uniq_jorgrun
Temple:   nicolae_temple_hex_pool
Lair:1:   layout_hall_layers, minivault_19
Lair:2:   layout_roguey [special_room_bee], basic_altar, uniq_sonja
Lair:3:   wander_river, layout_regular_city, minmay_swamp_entry_worms,
          basic_altar, nicolae_volcano_entry_batcave, grunt_megastairs_4
Lair:4:   layout_gridlike, guppyfry_snake_entry_island, gauntlet_entry_generic,
          lemuel_fruit_tree, serial_bayou_shore_a, uniq_urug
Lair:5:   layout_layer_cave
Lair:6:   minmay_lair_end_frog_pond, layout_gridlike, slime_altar_2
Swamp:1:  layout_falls_marsh, evilmike_swamp_ruin_house_4, uniq_nikola
Swamp:2:  layout_basic_swamp, evilmike_swamp_ruin_house_1
Swamp:3:  layout_basic_swamp, evilmike_swamp_ruin_house_5, swamp_pool1,
          st_swamp_ruins_1
Swamp:4:  swamp_vile, layout_basic_swamp
Snake:1:  layout_onion, uniq_kirke, uniq_aizul
Snake:2:  layout_gridlike, grunt_megastairs_1, uniq_donald, uniq_vashnia
Snake:3:  layout_misc_corridors
Snake:4:  snake_pit_salamanders_mu, layout_onion_interference, basic_altar,
          serial_shops, shop, shop, shop, nicolae_shop_crystal, st_stairs_3,
          minmay_shoptagon
Orc:1:    layout_caves, basic_altar, serial_shops, nicolae_shop_waterfront,
          nicolae_shop_trees, shop, nicolae_shop_crystal, enter_bailey_3,
          minmay_orc_temple_c
Orc:2:    kennysheep_orc_mage_school, layout_diamond_mine,
          guppyfry_library_mini, uniq_erolcha
Elf:1:    eino_elf_arrival_altar, layout_gridlike,
          hangedman_elven_crosses_minicolossus, evilmike_spriggan_trog_shrine
Elf:2:    layout_geoelf_diagonals, portal_desolation_entry_garden, uniq_azrael
Desolation

Skill      XL: |  1  2  3  4  5  6  7  8  9 10 11 12 13 14 15 16 17 18 19 |
---------------+----------------------------------------------------------+-----
Stealth        | 3 4 5 8 12 13 15 16 | 16.9
Fighting       | 1 2 3 4 9 10 11 12 13 14 | 14.1
Shields        | 1 2 3 4 5 8 10 11 12 13 14 15 | 15.8
Short Blades   | 2 4 5 6 7 9 10 | 10.0
Armour         | 1 2 4 5 6 9 |  9.0
Evocations     | 3 4 5 |  5.0
Hexes          | 3 6 8 11 13 14 | 14.9
Dodging        | 3 5 8 9 10 11 | 11.6
Spellcasting   | 2 4 6 7 8 |  8.0
Charms         | 1 4 5 8 |  8.0
Necromancy     | 1 4 6 7 |  7.6
Translocations | 4 6 |  6.0
Air Magic      | 4 5 |  5.6

Action                   |  1- 3 |  4- 6 |  7- 9 | 10-12 | 13-15 | 16-18 | 19-21 || total
-------------------------+-------+-------+-------+-------+-------+-------+-------++-------
Melee: Short sword       |   142 |    56 |       |       |       |       |       ||   198
       Bite              |    12 |    19 |    69 |   156 |   485 |   559 |    92 ||  1392
       Dagger            |       |    80 |   536 |  1087 |  2723 |   152 |       ||  4578
       Quick blade       |       |       |       |       |       |  2394 |   472 ||  2866
Throw: Stone             |    18 |    24 |       |       |     1 |       |       ||    43
 Cast: Confusing Touch   |       |       |       |    34 |   157 |   130 |    21 ||   342
       Regeneration      |       |       |       |       |       |    15 |     3 ||    18
       Confuse           |       |       |       |       |       |     7 |       ||     7
       Blink             |       |       |       |       |       |       |     1 ||     1
Invok: Lunge             |       |       |     8 |    46 |   125 |   190 |    37 ||   406
       Whirlwind         |       |       |       |   201 |   321 |   342 |    71 ||   935
       Serpent's Lash    |       |       |       |       |     9 |    12 |     1 ||    22
       Heavenly Storm    |       |       |       |       |       |     2 |     1 ||     3
 Abil: Evoke Flight      |       |       |       |       |     1 |    21 |     1 ||    23
       Exsanguinate      |       |       |       |       |       |     1 |       ||     1
       Stop Flying       |       |       |       |       |       |     3 |       ||     3
       Wall Jump         |       |       |       |       |       |       |     1 ||     1
Evoke: Wand              |     5 |    11 |     3 |     4 |    17 |    15 |     6 ||    61
       Phantom mirror    |       |       |       |       |       |     1 |       ||     1
       Box of beasts     |       |       |       |       |       |     3 |       ||     3
  Use: Scroll            |     1 |     5 |     8 |     5 |    15 |     8 |     1 ||    43
       Potion            |       |       |     1 |     1 |     1 |     1 |     2 ||     6
 Stab: Sleeping          |     3 |     5 |     3 |    10 |    56 |   136 |    18 ||   231
       Distracted        |     1 |       |       |     2 |     5 |    13 |     1 ||    22
       Confused          |       |       |       |    33 |   161 |   177 |    25 ||   396
       Petrified         |       |       |       |       |     1 |       |       ||     1
       Paralysed         |       |       |       |       |       |     1 |       ||     1
Armor: Leather armour    |    29 |     4 |       |       |    11 |       |       ||    44
       Ring mail         |       |    13 |    89 |    75 |   123 |       |       ||   300
       Skin              |       |       |       |       |    28 |       |       ||    28
       Acid dragon scale |       |       |       |       |    58 |    40 |       ||    98
       Robe              |       |       |       |       |       |    14 |       ||    14
       Swamp dragon scal |       |       |       |       |       |    61 |    18 ||    79
Dodge: Dodged            |    79 |    47 |   139 |   202 |   531 |   294 |    56 ||  1348
Block: Buckler           |     6 |    28 |    74 |       |       |       |       ||   108
       Shield            |       |       |    85 |   419 |  1257 |   783 |       ||  2544
       Reflection        |       |       |       |       |    27 |    66 |    19 ||   112
       Large shield      |       |       |       |       |       |    62 |   207 ||   269

Table legend:
 A = Non-vault XP
 B = Vault XP
 C = Vault XP percentage of total XP
 D = Non-vault monster count
 E = Vault monster count
 F = Vault count percentage of total count
                 A         B        C        D         E       F
            +---------+---------+-------+---------+---------+-------
      Total |  229671 |  203504 |  47.0 |     906 |     490 |  35.1
            +---------+---------+-------+---------+---------+-------
        D:1 |      47 |       0 |   0.0 |      26 |       0 |   0.0
        D:2 |      74 |       0 |   0.0 |      21 |       0 |   0.0
        D:3 |      71 |       0 |   0.0 |      13 |       0 |   0.0
        D:4 |     309 |     766 |  71.3 |      17 |       6 |  26.1
        D:5 |     795 |     286 |  26.5 |      23 |       1 |   4.2
        D:6 |     562 |       0 |   0.0 |      12 |       0 |   0.0
        D:7 |    1500 |       0 |   0.0 |      25 |       0 |   0.0
        D:8 |    2786 |    1952 |  41.2 |      41 |      16 |  28.1
        D:9 |    2639 |       0 |   0.0 |      28 |       0 |   0.0
       D:10 |    2735 |    1120 |  29.1 |      23 |       7 |  23.3
       D:11 |    7197 |       0 |   0.0 |      46 |       0 |   0.0
       D:12 |    1162 |       0 |   0.0 |      22 |       0 |   0.0
       D:13 |    8296 |   16069 |  66.0 |      47 |      42 |  47.2
       D:14 |   11889 |    8698 |  42.2 |      27 |      11 |  28.9
       D:15 |   11392 |   10603 |  48.2 |      33 |      22 |  40.0
     Lair:1 |    6838 |       0 |   0.0 |      37 |       0 |   0.0
     Lair:2 |    6811 |    2585 |  27.5 |      23 |      26 |  53.1
     Lair:3 |    7019 |    1697 |  19.5 |      31 |      12 |  27.9
     Lair:4 |   10269 |     319 |   3.0 |      35 |       2 |   5.4
     Lair:5 |    5014 |    3345 |  40.0 |      17 |      11 |  39.3
     Lair:6 |   13275 |    8168 |  38.1 |      43 |      35 |  44.9
    Swamp:1 |    9657 |    3565 |  27.0 |      23 |       1 |   4.2
    Swamp:2 |    7515 |       0 |   0.0 |      14 |       0 |   0.0
    Swamp:3 |   13274 |    3463 |  20.7 |      36 |       7 |  16.3
    Swamp:4 |   13697 |   21931 |  61.6 |      43 |      30 |  41.1
    Snake:1 |   17790 |    3099 |  14.8 |      38 |       2 |   5.0
    Snake:2 |   23863 |   17277 |  42.0 |      35 |      16 |  31.4
    Snake:3 |   18260 |       0 |   0.0 |      35 |       0 |   0.0
    Snake:4 |    5736 |   51784 |  90.0 |      12 |      69 |  85.2
      Orc:1 |    5023 |    3084 |  38.0 |      50 |      32 |  39.0
      Orc:2 |     672 |    8141 |  92.4 |       8 |      42 |  84.0
      Elf:1 |    8614 |   18651 |  68.4 |      15 |      27 |  64.3
      Elf:2 |    4890 |       0 |   0.0 |       7 |       0 |   0.0
     Bailey |       0 |    3910 | 100.0 |       0 |      43 | 100.0
    Volcano |       0 |    3532 | 100.0 |       0 |       9 | 100.0
 Desolation |       0 |    5587 | 100.0 |       0 |      10 | 100.0
   Gauntlet |       0 |    3872 | 100.0 |       0 |      11 | 100.0
            +---------+---------+-------+---------+---------+-------
